 Dungeon Crawl Stone Soup version 0.22.0-49-gab54619674 (webtiles) character file.

74 KamiKatze the Charlatan (level 4, -6/26 HPs)
             Began as a Gargoyle Artificer on Sept 2, 2018.
             Killed themself with a badly aimed iceblast (15 damage)
             ... on level 2 of the Dungeon.
             The game lasted 00:05:42 (1257 turns).

KamiKatze the Charlatan (Gargoyle Artificer)        Turns: 1257, Time: 00:05:43

Health: -6/26      AC:  9    Str: 17    XL:     4   Next: 30%
Magic:  6/6        EV: 11    Int: 11    God:
Gold:   12         SH:  0    Dex: 10    Spells: 3/3 levels left

rFire    . . .     SeeInvis .   a - +0 short sword
rCold    . . .     Gourm    .   (no shield)
rNeg     + . .     Faith    .   o - +0 ring mail
rPois    ∞         Spirit   .   (no helmet)
rElec    +         Reflect  .   (no cloak)
rCorr    .         Harm     .   (no gloves)
MR       .....                  (no boots)
Stlth    +.........             (no amulet)
HPRegen  0.08/turn              (no ring)
MPRegen  0.10/turn              (no ring)

@: no status effects
A: negative energy resistance 1, electricity resistance, unbreathing,
petrification resistance, rot immunity, AC +3
a: no special abilities


You were on level 2 of the Dungeon.
You were not hungry.

You visited 1 branch of the dungeon, and saw 2 of its levels.

You collected 12 gold pieces.

Inventory:

Hand Weapons
 a - a +0 short sword (weapon)
 n - a +0 club
Missiles
 k - 42 stones (quivered)
Armour
 j - a +0 chain mail
 o - a +0 ring mail (worn)
Wands
 c - a wand of flame (14)
 d - a wand of enslavement (14)
 e - a wand of random effects (13)
Scrolls
 g - a scroll of enchant weapon {unknown}
 i - a scroll of fog {unknown}
 l - a scroll of teleportation {unknown}
 p - a scroll of remove curse {unknown}
 q - a scroll of identify {unknown}
Potions
 b - a potion of might {unknown}
 h - a potion of haste {unknown}
 m - a potion of degeneration {unknown}
Comestibles
 f - 5 rations
 r - 4 chunks of flesh


   Skills:
 + Level 2.2 Fighting
 - Level 0.8 Short Blades
 * Level 1.8 Maces & Flails
 + Level 1.8 Armour
 + Level 2.2 Dodging
 - Level 1.1 Stealth
 - Level 2.6 Evocations


You had 3 spell levels left.
You didn't know any spells.
Your spell library was empty.

Dungeon Overview and Level Annotations

Branches:
Dungeon (2/15)

Altars:


Innate Abilities, Weirdness & Mutations

You are resistant to torment.
Your stone body is resilient. (AC +3)
You are immune to poison.
You resist negative energy. (rN+)
You are resistant to electric shocks. (rElec)
You can survive without breathing.
You are immune to petrification.
You are immune to rotting.


Message History

The adder bites you but does no damage.
You hit the adder but do no damage.
The adder is moderately wounded.
The adder bites you but does no damage. x2
Evoke which item? (* to show all) (? for menu, Esc to quit)
Aiming: Throw Flame
Press: ? - help, Shift-Dir - straight line, f - adder
Aim: an adder (moderately wounded)
The puff of flame hits the adder.
The adder is severely wounded.
The adder closely misses you.
Evoke which item? (* to show all) (? for menu, Esc to quit)
Aiming: Random Effects
Press: ? - help, Shift-Dir - straight line, f/p - adder
Aim: an adder (severely wounded)
The mass of ice explodes!
The iceblast engulfs the adder.
You kill the adder!
The iceblast engulfs you!
Ouch! That really hurt!
You die...

##.# #.# .# #... #>#####
#.## #..## #.#(..## ....# #
#..##.#......###....##.#
####..##.#.......#........#
......##.................#
###...####.......#.......#
...............)........)
###...######...#@##....# #
##..........##†##..###
####..#########.r.#..#
........# #....[....#
#.#####.# #.##...##...# #.#
.# # ##.## .#.# #.# # #.#
.#.# #.# #.. >. . #.# #..
#. #


You could see a quokka.

Vanquished Creatures
  Terence (D:2)
  An adder (D:2)
  A dart slug (D:1)
  A ball python (D:1)
  A giant cockroach (D:1)
  3 goblins (D:1)
  2 hobgoblins
  10 jackals
  2 bats (D:1)
  2 frilled lizards
  3 kobolds
  2 rats (D:1)
29 creatures vanquished.

Vanquished Creatures (collateral kills)
  A gnoll (D:1)
1 creature vanquished.

Grand Total: 30 creatures vanquished

Notes
Turn   | Place    | Note
-------+----------+-------------------------------------------
     0 | D:1      | KamiKatze the Gargoyle Artificer began the quest for the
                  | Orb.
     0 | D:1      | Reached XP level 1. HP: 12/12 MP: 2/2
   243 | D:1      | Reached skill level 1 in Armour
   243 | D:1      | Reached XP level 2. HP: 2/17 MP: 4/4
   663 | D:1      | Reached XP level 3. HP: 19/21 MP: 5/5
   736 | D:1      | Reached skill level 1 in Maces & Flails
  1075 | D:2      | Noticed Terence
  1106 | D:2      | Killed Terence
  1106 | D:2      | Reached XP level 4. HP: 16/26 MP: 6/6
  1257 | D:2      | Killed themself with a badly aimed iceblast

Skill      XL: |  1  2  3 |
---------------+----------+-----
Armour         | 1 |  1.8
Dodging        | 2 |  2.2
Fighting       | 2 |  2.2
Maces & Flails | 1 |  1.8
Short Blades   | |  0.8
Stealth        | |  1.1
Evocations     | |  2.6

Action                   |  1- 3 |  4- 6 || total
-------------------------+-------+-------++-------
Melee: Short sword       |   126 |    38 ||   164
Evoke: Wand              |     3 |     1 ||     4
 Stab: Sleeping          |     1 |       ||     1
       Confused          |     1 |       ||     1
  Eat: Chunk             |       |     1 ||     1
Armor: Leather armour    |     8 |       ||     8
       Ring mail         |    58 |    20 ||    78
Dodge: Dodged            |    89 |    25 ||   114
